 Dungeon Crawl Stone Soup version 0.23-a0-417-gf02c810438 (webtiles) character file.

606 Napalmbreeze the Chopper (level 7, 0/61 HPs)
             Began as a Minotaur Fighter on Nov 11, 2018.
             Killed by divine providence
             ... invoked by an orc priest
              (11 damage)
             ... on level 5 of the Dungeon.
             The game lasted 00:04:53 (3416 turns).

Napalmbreeze the Chopper (Minotaur Fighter)         Turns: 3416, Time: 00:04:54

Health: 0/61       AC: 11    Str: 22    XL:     7   Next: 19%
Magic:  6/6        EV:  6    Int:  5    God:
Gold:   253        SH: 10    Dex: 10    Spells: 6/6 levels left

rFire    + . .     SeeInvis .   a - +0 war axe
rCold    . . .     Gourm    .   c - +0 shield
rNeg     . . .     Faith    .   g - +0 chain mail {rF+}
rPois    .         Spirit   .   (helmet restricted)
rElec    .         Reflect  .   (no cloak)
rCorr    .         Harm     .   w - +0 pair of gloves
MR       .....                  (no boots)
Stlth    ..........             (no amulet)
HPRegen  0.20/turn              (no ring)
MPRegen  0.10/turn              (no ring)

@: no status effects
A: retaliatory headbutt, horns 2
a: no special abilities


You were on level 5 of the Dungeon.
You were not hungry.

You visited 1 branch of the dungeon, and saw 5 of its levels.

You collected 253 gold pieces.

Inventory:

Hand Weapons
 a - a +0 war axe (weapon)
Missiles
 l - 44 poisoned needles
Armour
 b - a +0 scale mail
 c - a +0 shield (worn)
 g - a +0 chain mail of fire resistance (worn)
 w - a +0 pair of gloves (worn)
Scrolls
 e - 2 scrolls of enchant armour {unknown}
 h - a scroll of fear {unknown}
 i - 5 scrolls of remove curse {unknown}
 j - 2 scrolls of magic mapping {unknown}
 k - a scroll of teleportation {unknown}
 m - a scroll of blinking {unknown}
 o - a scroll of immolation {unknown}
 p - a scroll of fog {unknown}
 s - a scroll of identify {unknown}
 t - a scroll of amnesia {unknown}
Potions
 d - a potion of might
 n - 2 potions of curing
 q - a potion of flight {unknown}
 r - a potion of invisibility {unknown}
 u - a potion of mutation {unknown}
 v - a potion of degeneration {unknown}
Comestibles
 f - 7 rations


   Skills:
 + Level 5.5 Fighting
 * Level 6.3 Axes
 + Level 5.4 Armour
 + Level 5.4 Shields


You had 6 spell levels left.
You didn't know any spells.
Your spell library was empty.

Dungeon Overview and Level Annotations

Branches:
Dungeon (5/15)
 Temple: D:4-7

Altars:


Innate Abilities, Weirdness & Mutations

You reflexively headbutt those who attack you in melee.
You have a pair of horns on your head.


Message History

The orc priest hits you but does no damage.
You block the orc wizard's attack. The orc hits you but does no damage.
You see here a cursed -2 hand axe.
You hit the orc wizard but do no damage.
Your shield and chain mail prevent you from hitting the orc.
The orc wizard looks encouraged for a moment.
You block the orc priest's attack. The orc hits you but does no damage.
You block the orc wizard's attack. You block the orc wizard's attack.
Your shield and chain mail prevent you from hitting the orc.
You closely miss the orc priest. You closely miss the orc wizard.
You block the orc wizard's attack.
The orc priest invokes the aid of Beogh against you.
Beogh smites you!
* * * LOW HITPOINT WARNING * * *
The orc hits you but does no damage.
The orc wizard begins to cast a cantrip, but forgets the words!
The orc priest invokes the aid of Beogh against you.
Beogh smites you!
You die...

#...........#
#...........#
#...........#
#...........#
#...........#
#....†.......
#............
#..)#######..
#.@o.......#
#.oo.......#
##.#........
##.#........
#...######..
#...# #...######
.......#.....+
#.######.#####..
##


You could see an orc priest, an orc wizard and an orc.

Vanquished Creatures
  A water moccasin (D:5)
  An ogre (D:4)
  A crimson imp (D:4)
  An orc priest (D:3)
  A centaur skeleton (D:4)
  2 hounds
  3 orc wizards (D:3)
  A worker ant (D:4)
  9 adders
  An adder skeleton (D:4)
  3 leopard geckos
  5 orcs
  A ball python (D:2)
  7 bats
  2 giant cockroaches
  5 goblins
  7 hobgoblins
  15 jackals
  3 quokkas
  7 frilled lizards
  7 kobolds
  A quokka skeleton (D:4)
  2 rats
86 creatures vanquished.

Notes
Turn   | Place    | Note
-------+----------+-------------------------------------------
     0 | D:1      | Napalmbreeze the Minotaur Fighter began the quest for the
                  | Orb.
     0 | D:1      | Reached XP level 1. HP: 19/19 MP: 0/0
   617 | D:1      | Reached XP level 2. HP: 27/27 MP: 1/1
   939 | D:2      | Reached skill level 3 in Axes
  1134 | D:2      | Reached XP level 3. HP: 33/33 MP: 2/2
  1586 | D:2      | Reached XP level 4. HP: 40/40 MP: 3/3
  1948 | D:2      | Reached skill level 4 in Axes
  2083 | D:3      | Reached XP level 5. HP: 47/47 MP: 4/4
  2222 | D:3      | Reached skill level 5 in Axes
  2460 | D:4      | Reached XP level 6. HP: 45/55 MP: 5/5
  2529 | D:4      | Reached skill level 5 in Fighting
  2529 | D:4      | Reached skill level 5 in Armour
  2529 | D:4      | Reached skill level 5 in Shields
  2887 | D:4      | Reached skill level 6 in Axes
  3286 | D:5      | Entered Level 5 of the Dungeon
  3366 | D:5      | Noticed a water moccasin
  3373 | D:5      | Killed a water moccasin
  3373 | D:5      | Reached XP level 7. HP: 40/61 MP: 6/6
  3416 | D:5      | Killed from afar by an orc priest

Vault maps used:
D:1:      lightli_arrival_chessboard
D:3:      first_ration
D:5:      gup_sewer_entry_spiral, basic_altar, uniq_eustachio

Skill      XL: |  1  2  3  4  5  6 |
---------------+-------------------+-----
Axes           | 3 4 5 6 |  6.3
Fighting       | 4 5 |  5.5
Armour         | 4 5 |  5.4
Shields        | 4 5 |  5.4

Action                   |  1- 3 |  4- 6 |  7- 9 || total
-------------------------+-------+-------+-------++-------
Melee: War axe           |   100 |   148 |     2 ||   250
       Headbutt          |    12 |    23 |       ||    35
  Use: Potion            |       |       |     1 ||     1
  Eat: Chunk             |     2 |     6 |       ||     8
Armor: Chain mail        |    77 |    75 |     5 ||   157
Dodge: Dodged            |    22 |    23 |     1 ||    46
Block: Shield            |    61 |    81 |     5 ||   147

Table legend:
 A = Non-vault XP
 B = Vault XP
 C = Vault XP percentage of total XP
 D = Non-vault monster count
 E = Vault monster count
 F = Vault count percentage of total count
                 A         B        C        D         E       F
            +---------+---------+-------+---------+---------+-------
      Total |     867 |       0 |   0.0 |      86 |       0 |   0.0
            +---------+---------+-------+---------+---------+-------
        D:1 |      13 |       0 |   0.0 |       7 |       0 |   0.0
        D:2 |     108 |       0 |   0.0 |      30 |       0 |   0.0
        D:3 |     243 |       0 |   0.0 |      26 |       0 |   0.0
        D:4 |     349 |       0 |   0.0 |      21 |       0 |   0.0
        D:5 |     154 |       0 |   0.0 |       2 |       0 |   0.0
            +---------+---------+-------+---------+---------+-------
